| TOP OF THE 1ST |
|
Gwinnett Braves batting - Pitching for New Orleans Zephyrs : LHP Geoff Goss
|
|
Pitching: LHP Geoff Goss
|
|
|
Batting: LHB Davey Schonewille
|
0-0: Ball 1-0: Called Strike 1-1: SINGLE (Line Drive, 89M, EV 104.4 MPH)
|
|
Batting: RHB Danny Heikkila
|
0-0: Ball 1-0: Called Strike 1-1: Ball 2-1: Foul Ball, location: 2F 2-2: Strikes out swinging
|
|
Batting: RHB Bill Turnbull
|
0-0: Ball Davey Schonewille steals 2nd base 1-0: Ball 2-0: Ground out 5-3 (Groundball, 56, EV 92.5 MPH)
|
|
Batting: RHB Ian Sousa
|
0-0: Ball 1-0: Ball 2-0: DOUBLE (Line Drive, 3D, EV 96.9 MPH) Davey Schonewille scores
|
|
Batting: RHB Luis Revilla
|
0-0: Ball 1-0: Ball 2-0: Foul Ball, location: 2F 2-1: Called Strike 2-2: Strikes out swinging
|
| Top of the 1st over - 1 run, 2 hits, 0 errors, 1 left on base; Gwinnett 1 - New Orleans 0 |
| BOTTOM OF THE 1ST |
|
New Orleans Zephyrs batting - Pitching for Gwinnett Braves : RHP Chris Bedard
|
|
Pitching: RHP Chris Bedard
|
|
|
Batting: RHB Jerry Delgado
|
0-0: Called Strike 0-1: Foul Ball, location: 2F 0-2: Ball 1-2: Ball 2-2: Ground out 4-3 (Groundball, 4, EV 83.1 MPH)
|
|
Batting: SHB Ramon Martinez
|
0-0: Ball 1-0: Foul Ball, location: 2F 1-1: Ball 2-1: Ball 3-1: Fly out, F9 (Flyball, 89S, EV 86.2 MPH)
|
|
Batting: RHB Alex Gomez
|
0-0: Foul Ball, location: 2F 0-1: Ball 1-1: Ball 2-1: Fly out, F9 (Flyball, 9D, EV 79.4 MPH)
|
| Bottom of the 1st over - 0 runs, 0 hits, 0 errors, 0 left on base; Gwinnett 1 - New Orleans 0 |
| TOP OF THE 2ND |
|
Gwinnett Braves batting - Pitching for New Orleans Zephyrs : LHP Geoff Goss
|
|
Batting: RHB T.J. Jordan
|
0-0: Called Strike 0-1: Ball 1-1: Foul Ball, location: 2F 1-2: Strikes out swinging, 2-3 out at first.
|
|
Batting: LHB Otte Klijnsma
|
0-0: Called Strike 0-1: Fly out, F9 (Flyball, 9LS, EV 83.1 MPH)
|
|
Batting: RHB Rafael Elias
|
0-0: Foul Ball, location: 2F 0-1: Ground out 5-3 (Groundball, 5, EV 87.5 MPH)
|
| Top of the 2nd over - 0 runs, 0 hits, 0 errors, 0 left on base; Gwinnett 1 - New Orleans 0 |
| BOTTOM OF THE 2ND |
|
New Orleans Zephyrs batting - Pitching for Gwinnett Braves : RHP Chris Bedard
|
|
Batting: RHB Chris Lee
|
0-0: Ground out 6-3 (Groundball, 6S, EV 66.2 MPH)
|
|
Batting: RHB Gebre-Giorgios Tikolo
|
0-0: Swinging Strike 0-1: Fly out, F8 (Flyball, 8RS, EV 80.0 MPH)
|
|
Batting: RHB Jesus Castillo
|
0-0: Ball 1-0: Called Strike 1-1: Ball 2-1: Ball 3-1: SINGLE (Line Drive, 56D, EV 94.4 MPH)
|
|
Batting: RHB Kyle Ashton
|
0-0: Called Strike 0-1: Ball 1-1: Ball 2-1: Ball 3-1: Called Strike 3-2: Strikes out swinging
|
| Bottom of the 2nd over - 0 runs, 1 hit, 0 errors, 1 left on base; Gwinnett 1 - New Orleans 0 |
| TOP OF THE 3RD |
|
Gwinnett Braves batting - Pitching for New Orleans Zephyrs : LHP Geoff Goss
|
|
Batting: LHB Kevin Waddell
|
0-0: Ball 1-0: Called Strike 1-1: Bunted foul 1-2: Strikes out looking
|
|
Batting: LHB Davey Schonewille
|
0-0: Called Strike 0-1: Ground out 4-3 (Groundball, 34, EV 105.6 MPH)
|
|
Batting: RHB Danny Heikkila
|
0-0: Called Strike 0-1: Swinging Strike 0-2: Strikes out swinging
|
| Top of the 3rd over - 0 runs, 0 hits, 0 errors, 0 left on base; Gwinnett 1 - New Orleans 0 |
| BOTTOM OF THE 3RD |
|
New Orleans Zephyrs batting - Pitching for Gwinnett Braves : RHP Chris Bedard
|
|
Batting: RHB Katsutaka Inouye
|
0-0: Called Strike 0-1: Foul Ball, location: 2F 0-2: Ball 1-2: SINGLE (Groundball, 25, EV 71.9 MPH) (infield hit)
|
|
Batting: RHB Humberto Oros
|
0-0: Called Strike 0-1: Ball 1-1: Ball 2-1: Grounds into double play, 5-4-3 (Groundball, 56, EV 85.0 MPH)
|
|
Batting: RHB Jerry Delgado
|
0-0: Called Strike 0-1: Ball 1-1: Swinging Strike 1-2: Ball 2-2: Strikes out looking
|
| Bottom of the 3rd over - 0 runs, 1 hit, 0 errors, 0 left on base; Gwinnett 1 - New Orleans 0 |
| TOP OF THE 4TH |
|
Gwinnett Braves batting - Pitching for New Orleans Zephyrs : LHP Geoff Goss
|
|
Batting: RHB Bill Turnbull
|
0-0: Ball 1-0: Ball 2-0: Ball 3-0: Base on Balls
|
|
Batting: RHB Ian Sousa
|
0-0: Ball 1-0: Called Strike 1-1: Ball 2-1: Foul Ball, location: 2F 2-2: Grounds into double play, 4-6-3 (Groundball, 4, EV 103.8 MPH)
|
|
Batting: RHB Luis Revilla
|
0-0: Ball 1-0: Fly out, F9 (Line Drive, 9, EV 93.8 MPH)
|
| Top of the 4th over - 0 runs, 0 hits, 0 errors, 0 left on base; Gwinnett 1 - New Orleans 0 |
| BOTTOM OF THE 4TH |
|
New Orleans Zephyrs batting - Pitching for Gwinnett Braves : RHP Chris Bedard
|
|
Batting: SHB Ramon Martinez
|
0-0: Ground out 3-1 (Groundball, 34S, EV 80.6 MPH)
|
|
Batting: RHB Alex Gomez
|
0-0: Ball 1-0: Ball 2-0: Foul Ball, location: 2F 2-1: SOLO HOME RUN (Flyball, 7D, EV 108.8 MPH), Distance : 400 ft
|
|
Batting: RHB Chris Lee
|
0-0: Swinging Strike 0-1: Swinging Strike 0-2: Strikes out swinging
|
|
Batting: RHB Gebre-Giorgios Tikolo
|
0-0: Ground out 6-3 (Groundball, 6S, EV 83.8 MPH)
|
| Bottom of the 4th over - 1 run, 1 hit, 0 errors, 0 left on base; Gwinnett 1 - New Orleans 1 |
| TOP OF THE 5TH |
|
Gwinnett Braves batting - Pitching for New Orleans Zephyrs : LHP Geoff Goss
|
|
Batting: RHB T.J. Jordan
|
0-0: Called Strike 0-1: Foul Ball, location: 2F 0-2: Ball 1-2: Ground out 4-3 (Groundball, 4M, EV 105.0 MPH)
|
|
Batting: LHB Otte Klijnsma
|
0-0: Ball 1-0: Called Strike 1-1: Foul Ball, location: 2F 1-2: Strikes out swinging
|
|
Batting: RHB Rafael Elias
|
0-0: Ball 1-0: Called Strike 1-1: Called Strike 1-2: Foul Ball, location: 2F 1-2: Foul Ball, location: 2F 1-2: Fly out, F3 (Popup, 3S, EV 71.9 MPH)
|
| Top of the 5th over - 0 runs, 0 hits, 0 errors, 0 left on base; Gwinnett 1 - New Orleans 1 |
| BOTTOM OF THE 5TH |
|
New Orleans Zephyrs batting - Pitching for Gwinnett Braves : RHP Chris Bedard
|
|
Batting: RHB Jesus Castillo
|
0-0: Called Strike 0-1: Foul Ball, location: 2F 0-2: Ball 1-2: Ball 2-2: SINGLE (Groundball, 56D, EV 98.8 MPH)
|
|
Batting: RHB Kyle Ashton
|
0-0: Swinging Strike 0-1: Called Strike 0-2: Strikes out swinging
|
|
Batting: RHB Katsutaka Inouye
|
0-0: Foul Ball, location: 3F, Error on foul ball, E3 0-1: Swinging Strike 0-2: Ball Jesus Castillo is caught stealing 2nd base 2-4 1-2: Foul Ball, location: 2F 1-2: Fly out, F8 (Flyball, 8LD, EV 95.0 MPH)
|
| Bottom of the 5th over - 0 runs, 1 hit, 1 error, 0 left on base; Gwinnett 1 - New Orleans 1 |
| TOP OF THE 6TH |
|
Gwinnett Braves batting - Pitching for New Orleans Zephyrs : LHP Geoff Goss
|
|
Batting: LHB Kevin Waddell
|
0-0: Swinging Strike 0-1: Called Strike 0-2: Strikes out swinging
|
|
Batting: LHB Davey Schonewille
|
0-0: Called Strike 0-1: Called Strike 0-2: Strikes out swinging
|
|
Batting: RHB Danny Heikkila
|
0-0: Called Strike 0-1: Hit by Pitch
|
|
Pinch Runner at 1st Ethan McCullough:
|
|
|
Batting: RHB Bill Turnbull
|
0-0: Called Strike 0-1: Ball 1-1: Foul Ball, location: 2F 1-2: Foul Ball, location: 2F 1-2: Foul Ball, location: 2F 1-2: Ball 2-2: Foul Ball, location: 2F 2-2: Ball 3-2: Ground out 6-3 (Groundball, 6, EV 95.6 MPH)
|
| Top of the 6th over - 0 runs, 0 hits, 0 errors, 1 left on base; Gwinnett 1 - New Orleans 1 |
| BOTTOM OF THE 6TH |
|
New Orleans Zephyrs batting - Pitching for Gwinnett Braves : RHP Chris Bedard
|
|
Now at SS: Ethan McCullough
|
|
|
Batting: RHB Humberto Oros
|
0-0: Ball 1-0: Ground out 6-3 (Groundball, 6, EV 102.5 MPH)
|
|
Batting: RHB Jerry Delgado
|
0-0: Called Strike 0-1: Foul Ball, location: 2F 0-2: Ball 1-2: Ball 2-2: Ground out 4-3 (Groundball, 4M, EV 100.6 MPH)
|
|
Batting: SHB Ramon Martinez
|
0-0: Foul Ball, location: 2F 0-1: SINGLE (Line Drive, 78M, EV 109.4 MPH)
|
|
Batting: RHB Alex Gomez
|
0-0: Ball 1-0: Called Strike 1-1: Ball 2-1: Ball 3-1: Base on Balls Ramon Martinez to second
|
|
Batting: RHB Chris Lee
|
0-0: Ball 1-0: Foul Ball, location: 2F 1-1: Ball 2-1: Foul Ball, location: 2F 2-2: Ball 3-2: Ground out 5-3 (Groundball, 56S, EV 88.8 MPH)
|
| Bottom of the 6th over - 0 runs, 1 hit, 0 errors, 2 left on base; Gwinnett 1 - New Orleans 1 |
| TOP OF THE 7TH |
|
Gwinnett Braves batting - Pitching for New Orleans Zephyrs : LHP Geoff Goss
|
|
Batting: RHB Ian Sousa
|
0-0: SOLO HOME RUN (Line Drive, 7LD, EV 98.1 MPH), Distance : 382 ft
|
|
Batting: RHB Luis Revilla
|
0-0: Called Strike 0-1: Ball 1-1: Ball 2-1: Called Strike 2-2: Ball 3-2: Fly out, F6 (Line Drive, 6, EV 66.2 MPH)
|
|
Batting: RHB T.J. Jordan
|
0-0: Ball 1-0: Ball 2-0: Ball 3-0: Base on Balls
|
|
Batting: LHB Otte Klijnsma
|
0-0: Grounds into double play, 6-4-3 (Groundball, 6, EV 88.1 MPH)
|
| Top of the 7th over - 1 run, 1 hit, 0 errors, 0 left on base; Gwinnett 2 - New Orleans 1 |
| BOTTOM OF THE 7TH |
|
New Orleans Zephyrs batting - Pitching for Gwinnett Braves : RHP Chris Bedard
|
|
Batting: RHB Gebre-Giorgios Tikolo
|
0-0: Ball 1-0: Called Strike 1-1: Foul Ball, location: 2F 1-2: Ground out 5-3 (Groundball, 56, EV 89.4 MPH)
|
|
Pinch Hitting: LHB Gustavo Patella
|
0-0: Called Strike 0-1: Ball 1-1: Called Strike 1-2: Ground out U3 (Groundball, 3, EV 108.8 MPH)
|
|
Batting: RHB Kyle Ashton
|
0-0: Swinging Strike 0-1: Foul Ball, location: 2F 0-2: Foul Ball, location: 2F 0-2: Ball 1-2: Ball 2-2: Ground out U3 (Groundball, 3, EV 86.2 MPH)
|
| Bottom of the 7th over - 0 runs, 0 hits, 0 errors, 0 left on base; Gwinnett 2 - New Orleans 1 |
| TOP OF THE 8TH |
|
Gwinnett Braves batting - Pitching for New Orleans Zephyrs : LHP Geoff Goss
|
|
Now in LF: Chris Lee
|
|
|
Now in RF: Gustavo Patella
|
|
|
Batting: RHB Rafael Elias
|
0-0: Swinging Strike 0-1: Ball 1-1: Foul Ball, location: 2F 1-2: Foul Ball, location: 2F 1-2: SINGLE (Groundball, 56D, EV 96.9 MPH)
|
|
Pitching: RHP David Laska
|
|
|
Batting: LHB Kevin Waddell
|
0-0: Bunted foul 0-1: Ball 1-1: Bunt missed! 1-2: Grounds into double play, 6-4-3 (Groundball, 56, EV 100.0 MPH)
|
|
Batting: LHB Davey Schonewille
|
0-0: Ball 1-0: Foul Ball, location: 2F 1-1: Ground out 5-3 (Groundball, 56S, EV 69.4 MPH)
|
| Top of the 8th over - 0 runs, 1 hit, 0 errors, 0 left on base; Gwinnett 2 - New Orleans 1 |
| BOTTOM OF THE 8TH |
|
New Orleans Zephyrs batting - Pitching for Gwinnett Braves : RHP Chris Bedard
|
|
Batting: RHB Katsutaka Inouye
|
0-0: Ball 1-0: Called Strike 1-1: Swinging Strike 1-2: Strikes out swinging
|
|
Pitching: RHP Ernesto Gonzalez
|
|
|
Pinch Hitting: LHB Adrian Young
|
0-0: Ball 1-0: Ball 2-0: Foul Ball, location: 2F 2-1: DOUBLE (Line Drive, 9LS, EV 95.6 MPH)
|
|
Batting: RHB Jerry Delgado
|
0-0: Called Strike 0-1: Ball 1-1: Ball 2-1: Foul Ball, location: 2F 2-2: Foul Ball, location: 2F 2-2: Strikes out swinging
|
|
Batting: SHB Ramon Martinez
|
0-0: Ball 1-0: Ball 2-0: Foul Ball, location: 2F 2-1: Called Strike 2-2: Ball 3-2: Foul Ball, location: 2F 3-2: Foul Ball, location: 2F 3-2: Foul Ball, location: 2F 3-2: Hit by Pitch
|
|
Batting: RHB Alex Gomez
|
0-0: Called Strike 0-1: Called Strike 0-2: Ball 1-2: Fly out, F4 (Flyball, 34D, EV 83.1 MPH)
|
| Bottom of the 8th over - 0 runs, 1 hit, 0 errors, 2 left on base; Gwinnett 2 - New Orleans 1 |
| TOP OF THE 9TH |
|
Gwinnett Braves batting - Pitching for New Orleans Zephyrs : RHP David Laska
|
|
Now at SS: Bill de Jesus
|
|
|
Batting: RHB Ethan McCullough
|
0-0: Called Strike 0-1: Foul Ball, location: 2F 0-2: Fly out, F8 (Line Drive, 8LM, EV 105.6 MPH)
|
|
Batting: RHB Bill Turnbull
|
0-0: Swinging Strike 0-1: Called Strike 0-2: Strikes out swinging
|
|
Batting: RHB Ian Sousa
|
0-0: Ground out 5-3 (Groundball, 56, EV 105.0 MPH)
|
| Top of the 9th over - 0 runs, 0 hits, 0 errors, 0 left on base; Gwinnett 2 - New Orleans 1 |
| BOTTOM OF THE 9TH |
|
New Orleans Zephyrs batting - Pitching for Gwinnett Braves : RHP Ernesto Gonzalez
|
|
Pitching: RHP Brian Garrett
|
|
|
Now at 1B: Guadalupe Yanez
|
|
|
Batting: RHB Chris Lee
|
0-0: Ball 1-0: Foul Ball, location: 2F 1-1: SINGLE (Groundball, 56D, EV 98.8 MPH)
|
|
Batting: RHB Gebre-Giorgios Tikolo
|
0-0: Called Strike 0-1: Fielders Choice at 2nd, U6 (Groundball, 4M, EV 83.1 MPH)
|
|
Batting: LHB Gustavo Patella
|
0-0: Ball 1-0: Ball 2-0: Ball 3-0: Base on Balls Gebre-Giorgios Tikolo to second
|
|
Batting: RHB Kyle Ashton
|
0-0: Called Strike 0-1: Swinging Strike 0-2: Ball 1-2: Strikes out swinging
|
|
Batting: RHB Katsutaka Inouye
|
0-0: Called Strike 0-1: Foul Ball, location: 2F 0-2: Ground out 1-3 (Groundball, P, EV 66.2 MPH)
|
| Bottom of the 9th over - 0 runs, 1 hit, 0 errors, 2 left on base; Gwinnett 2 - New Orleans 1 |
|